 Dungeon Crawl Stone Soup version 0.25-a0-306-g3faca94 (webtiles) character file.

Game seed: 12115020891681394988, levelgen mode: deterministic

242 Birdy the Ruffian (level 5, -10/54 HPs)
             Began as a Troll Fighter on Dec 21, 2019.
             Mangled by an ogre
             ... wielding a +0 giant club
              (21 damage)
             ... on level 4 of the Dungeon.
             The game lasted 00:04:50 (2431 turns).

Birdy the Ruffian (Troll Fighter)                   Turns: 2431, Time: 00:04:51

Health: -10/54     AC:  7    Str: 25    XL:     5   Next: 82%
Magic:  4/4        EV:  8    Int:  6    God:
Gold:   205        SH:  9    Dex:  9    Spells: 4/4 levels left

rFire    . . .     SeeInvis .     - Unarmed
rCold    . . .     Gourm    +   b - +0 shield
rNeg     . . .     Faith    .   a - +0 robe
rPois    +         Spirit   .   (helmet restricted)
rElec    .         Reflect  .   h - +0 cloak
rCorr    .         Harm     .   (gloves unavailable)
MR       .....                  (boots unavailable)
Stlth    +.........             (no amulet)
HPRegen  0.58/turn              (no ring)
MPRegen  0.09/turn              (no ring)

@: very slow
A: large, unfitting armour, claws 3, clever 1, fast metabolism 3, gourmand, high
mp 1, poison resistance, regeneration 1, shaggy fur 1, tough skin 3, MP-powered
wands
a: no special abilities


You were on level 4 of the Dungeon.
You were very hungry.

You visited 2 branches of the dungeon, and saw 5 of its levels.

You collected 205 gold pieces.

Inventory:

Armour
 a - a +0 robe (worn)
 b - a +0 shield (worn)
 h - a +0 cloak (worn)
Jewellery
 m - an uncursed amulet of faith
Scrolls
 g - a scroll of fog
 j - a scroll of magic mapping
 l - a scroll of amnesia
 p - a scroll of enchant weapon
 q - a scroll of teleportation
Potions
 c - a potion of heal wounds {unknown}
 e - 3 potions of flight
 o - a potion of brilliance
 r - a potion of cancellation {unknown}
 t - a potion of magic {unknown}
 u - 2 potions of agility
Comestibles
 d - 14 rations


   Skills:
 + Level 3.7 Fighting
 - Level 2.4 Dodging
 + Level 3.7 Shields
 + Level 3.8 Unarmed Combat


You had 4 spell levels left.
You didn't know any spells.
Your spell library was empty.

Dungeon Overview and Level Annotations

Branches:
Dungeon (4/15)             Temple (1/1) D:4

Altars:
Ashenzari
Cheibriados
Elyvilon
Gozag
Hepliaklqana
Makhleb
Ru
The Shining One
Lugonu


Innate Abilities, Weirdness & Mutations

You are too large for most types of armour.
You have claws for hands.
Your metabolism is lightning-fast.
You like to eat raw meat.
Your natural rate of healing is unusually fast.
You are covered in fur. (AC +1)
You have extremely tough skin. (AC +3)
Your mind is acute. (Int +2)
You have an increased reservoir of magic. (+10% MP)
Your system is resistant to poisons. (rPois)
You expend magic power (3 MP) to strengthen your wands.


Message History

You scratch the ogre.
The ogre is lightly wounded.
The ogre hits you with a +0 giant club!!
* * * LOW HITPOINT WARNING * * *
The ogre closely misses you. The ogre hits you with a +0 giant club.
You are feeling very hungry.
The ogre hits you with a +0 giant club!!
* * * LOW HITPOINT WARNING * * *
You block the ogre's attack.
Okay, then.
Okay, then.
You block the ogre's attack. You block the ogre's attack.
The ogre hits you with a +0 giant club.
* * * LOW HITPOINT WARNING * * *
The ogre barely misses you.
You see here a +1 giant club.
The ogre hits you with a +0 giant club!!
You die...

######'####...#........#.#,*#.
##......................#..,*#.
#..............#........#...##.
#..............#...............
#.................)<...##.#.###
#.########........#............
###.########..........#...###.###
...........#....O...#.#.....,....
###...####.###..@...#.#...#.#,###
# ###.####..####.####.#...#.#,* #
#.................#...#,*,* #
#######..###.####.....*,*,* #
##.###.........#*,*,* #
#..##..###.##.#*,*,* # ##.##..#
*,**,,,,,,*** # #.##..#
*,*****,*,,,, # #..#..# *,*
*,,*,***


You could see an ogre.

Vanquished Creatures
  An ogre (D:4)
  A hound (D:4)
  2 worker ants (D:4)
  An adder (D:4)
  2 oozes
  An adder skeleton (D:4)
  2 worms (D:2)
  2 dart slugs (D:1)
  2 leopard geckos
  An orc (D:4)
  5 bats
  7 giant cockroaches
  4 goblins
  4 hobgoblins
  4 jackals (D:2)
  6 kobolds
  A frilled lizard (D:3)
  7 rats
53 creatures vanquished.

Notes
Turn   | Place    | Note
-------+----------+-------------------------------------------
     0 | D:1      | Birdy the Troll Fighter began the quest for the Orb.
     0 | D:1      | Reached XP level 1. HP: 22/22 MP: 0/0
   110 | D:1      | Reached XP level 2. HP: 29/29 MP: 1/1
   897 | D:2      | Reached XP level 3. HP: 33/36 MP: 2/2
  1495 | D:3      | Found a faded altar of an unknown god.
  1545 | D:3      | Became a worshipper of Cheibriados the Contemplative
  1545 | D:3      | Reached * piety under Cheibriados
  1546 | D:3      | Fell from the grace of Cheibriados
  1941 | D:3      | Found a sacrificial altar of Ru.
  2003 | D:4      | Found a staircase to the Ecumenical Temple.
  2036 | D:4      | Reached XP level 4. HP: 43/45 MP: 3/3
  2043 | Temple   | Entered the Ecumenical Temple
  2226 | D:4      | Reached XP level 5. HP: 53/53 MP: 4/4
  2246 | D:4      | Noticed an ogre
  2251 | D:4      | Killed an ogre
  2261 | D:4      | Gained mutation: You have an increased reservoir of magic.
                  | (+10% MP) [potion of mutation]
  2261 | D:4      | Gained mutation: Your mind is acute. (Int +2) [potion of
                  | mutation]
  2261 | D:4      | Gained mutation: Your system is resistant to poisons.
                  | (rPois) [potion of mutation]
  2261 | D:4      | Gained mutation: You expend magic power (3 MP) to
                  | strengthen your wands. [potion of mutation]
  2399 | D:4      | Noticed an ogre
  2411 | D:4      | HP: 1/54 [ogre/+0 giant club (20)]
  2431 | D:4      | Mangled by an ogre

Levels and vault maps discovered:
D:1:      dpeg_arrival_rooms_a, layout_basic
D:2:      layout_loops_ring
D:3:      layout_rooms, chequers_ecumenical_altar_island,
          nicolae_ru_the_path_less_chosen
D:4:      layout_basic, nicolae_overflow_crystal_walls,
          minmay_temple_entry_waves
Temple:   corrupted_temple

Skill      XL: |  1  2  3 |
---------------+----------+-----
Fighting       | 3 |  3.7
Shields        | 3 |  3.7
Unarmed Combat | 3 |  3.8
Dodging        | |  2.4

Action                   |  1- 3 |  4- 6 || total
-------------------------+-------+-------++-------
Melee: Unarmed           |   151 |    29 ||   180
Invok: Renounce Religion |     1 |       ||     1
  Use: Scroll            |       |    13 ||    13
       Potion            |       |     2 ||     2
  Eat: Chunk             |    11 |     3 ||    14
       Ration            |     2 |       ||     2
Armor: Robe              |    68 |     7 ||    75
Dodge: Dodged            |    53 |    13 ||    66
Block: Shield            |    82 |    15 ||    97

Table legend:
 A = Non-vault XP
 B = Vault XP
 C = Vault XP percentage of total XP
 D = Non-vault monster count
 E = Vault monster count
 F = Vault count percentage of total count
                 A         B        C        D         E       F
            +---------+---------+-------+---------+---------+-------
      Total |     347 |       0 |   0.0 |      53 |       0 |   0.0
            +---------+---------+-------+---------+---------+-------
        D:1 |      35 |       0 |   0.0 |      17 |       0 |   0.0
        D:2 |      39 |       0 |   0.0 |      15 |       0 |   0.0
        D:3 |      17 |       0 |   0.0 |      12 |       0 |   0.0
        D:4 |     256 |       0 |   0.0 |       9 |       0 |   0.0
            +---------+---------+-------+---------+---------+-------
